 Dungeon Crawl Stone Soup version 0.30-a0-972-gf3ab3527aa (webtiles) character file.

Game seed: 15355065407648193560

464 Demosthentine the Ducker (level 6, -5/48 HPs)
             Began as a Demonspawn Gladiator on Mar 31, 2023.
             Killed by nerve-wracking pain
             ... invoked by Menkaure
              (13 damage)
             ... on level 4 of the Dungeon.
             The game lasted 00:03:19 (2761 turns).

Demosthentine the Ducker (Demonspawn Gladiator)     Turns: 2761, Time: 00:03:20

Health: -5/48      AC: 10    Str: 16    XL:     6   Next: 80%
Magic:  15/15      EV: 13    Int: 10    God:
Gold:   198        SH:  0    Dex: 14    Spells: 5/5 levels left

rFire   + . .      SeeInvis +    a - +0 trident
rCold   . . .      Faith    .    (no shield)
rNeg    . . .      Spirit   .    b - +1 leather armour
rPois   .          Reflect  .    (helmet unavailable)
rElec   .          Rampage  .    (no cloak)
rCorr   .                        (no gloves)
Will    .....                    (no boots)
Stlth   +                        (no amulet)
HPRegen 0.28/turn                c - ring of magical power
MPRegen 0.14/turn                (no ring)

@: sanguine armoured
A: antennae 3, ignite blood 1, sanguine armour 1, fire resistance 1
a: no special abilities


You were on level 4 of the Dungeon.
You visited 1 branch of the dungeon, and saw 4 of its levels.

You collected 198 gold pieces.

Inventory:

Hand Weapons
 a - a +0 trident (weapon)
Missiles
 d - a throwing net (quivered)
 e - a javelin
Armour
 b - a +1 leather armour (worn)
Jewellery
 c - a ring of magical power (left hand)
 m - a +4 ring of protection
Scrolls
 h - 3 scrolls of teleportation
 j - 2 scrolls of magic mapping
 n - a scroll of amnesia
 q - a scroll of acquirement {unknown}
 r - a scroll of identify
Potions
 f - a potion of might
 g - a potion of mutation
 i - 2 potions of magic
 k - a potion of curing
 l - a potion of berserk rage {unknown}
 o - a potion of lignification {unknown}
 p - a potion of ambrosia {unknown}
 s - 2 potions of haste {unknown}
 t - a potion of invisibility {unknown}


   Skills:
 + Level 4.0 Fighting
 + Level 4.1 Polearms
 - Level 1.7 Throwing
 + Level 3.0 Armour
 + Level 4.2 Dodging


You had 5 spell levels left.
You didn't know any spells.
Your spell library contained the following spells:

 Spells                   Type           Power      Damage    Failure   Level
 Necrotise                Necr           0%         1d4       41%         1
 Cigotuvi's Dreadful Rot  Necr/Pois/Air  0%         N/A       56%         2
 Poisonous Vapours        Pois/Air       0%         N/A       56%         2
 Mephitic Cloud           Conj/Pois/Air  0%         N/A       80%         3
 Vampiric Draining        Necr           0%         2d6       80%         3
 Agony                    Necr           0%         N/A       100%        5


Dungeon Overview and Level Annotations

Branches:
Dungeon (4/15)
 Temple: D:4-7

Altars:

Annotations:
D:4 Menkaure


Innate Abilities, Weirdness & Mutations

You have a pair of large antennae on your head. (SInv)
Your demonic aura sometimes causes spilled blood to erupt in flames.
When seriously injured, your blood forms armour. (AC +6)
Your flesh is heat resistant. (rF+)


Message History

You hit Menkaure.
Menkaure is moderately damaged.
Menkaure hits you.
You barely miss Menkaure.
Menkaure is moderately damaged.
Menkaure hits you. x2
You barely miss Menkaure.
Menkaure is moderately damaged.
Menkaure closely misses you.
You barely miss Menkaure.
Menkaure is moderately damaged.
Menkaure misses you.
You hit Menkaure.
Menkaure is moderately damaged.
Menkaure barely misses you. Menkaure hits you but does no damage.
You hit Menkaure.
Menkaure is heavily damaged.
Menkaure hits you!
Your blood congeals into armour.
You hit Menkaure but do no damage.
Menkaure is heavily damaged.
Menkaure hits you but does no damage.
You hit Menkaure.
Menkaure is heavily damaged.
Menkaure points at you and mumbles some strange words.
Pain shoots through your body! Menkaure hits you!
* * * LOW HITPOINT WARNING * * *
You are too injured to fight recklessly!
Unknown command.
Okay, then.
Okay, then.
It was a potion of curing.
You feel better.
Throw: 2 throwing nets
Press: ? - help, Q - select action, (/) - cycle Shift-Dir - straight line, f/p - Menkaure
Aim: Menkaure (heavily damaged, fast, 75% to hit)
You throw a throwing net. The throwing net hits Menkaure.
Menkaure is caught in the net!
Menkaure is heavily damaged.
Menkaure gestures at you while chanting.
Pain shoots through your body!
You die...

### #.......# #.#.# ..#
#.......# ####.#.# #.#
#.......# #......# #.#
#.......# #.##.###
#####.####.).....# #.##.#
.................# #.##.#
#######..#.......#######.##.#
.......#...#####.........##.#
######.###.# #@##########.#
#. #.# #M# {... #. #.. #.# #.
###. #.# .. .# #.# { # #.#
{{{ # #.# #.# #.#


You could see Menkaure (fast, caught).

Vanquished Creatures
  An ogre (D:4)
  A phantom (D:4)
  A howler monkey (D:4)
  A hound (D:4)
  2 orc priests (D:4)
  Natasha (thrice) (D:2)
  An orc wizard (D:3)
  2 worms
  13 orcs
  5 bats
  2 endoplasms
  3 giant cockroaches
  7 goblins
  8 hobgoblins
  4 jackals
  A quokka (D:2)
  3 ball pythons
  3 frilled lizards
  4 kobolds
65 creatures vanquished.

Notes
Turn   | Place    | Note
-------+----------+-------------------------------------------
     0 | D:1      | Demosthentine the Demonspawn Gladiator began the quest for
                  | the Orb.
     0 | D:1      | Reached XP level 1. HP: 16/16 MP: 1/1
   429 | D:1      | Gained mutation: You have a pair of small antennae on your
                  | head. [demonic ancestry]
   429 | D:1      | Reached XP level 2. HP: 22/22 MP: 2/2
  1127 | D:2      | HP: 1/22 [hobgoblin (2)]
  1228 | D:2      | Noticed Natasha
  1235 | D:2      | Killed Natasha
  1236 | D:2      | Reached skill level 1 in Armour
  1236 | D:2      | Gained mutation: You have a pair of antennae on your head.
                  | [demonic ancestry]
  1236 | D:2      | Reached XP level 3. HP: 25/28 MP: 3/3
  1466 | D:2      | Noticed Natasha
  1478 | D:2      | Killed Natasha
  1479 | D:2      | Gained mutation: When seriously injured, your blood forms
                  | armour. (AC +6) [demonic ancestry]
  1479 | D:2      | Reached XP level 4. HP: 25/34 MP: 4/4
  1485 | D:2      | Noticed Natasha
  1494 | D:2      | Killed Natasha
  1819 | D:3      | Reached XP level 5. HP: 35/41 MP: 5/5
  2251 | D:3      | Gained mutation: Your flesh is heat resistant. (rF+)
                  | [potion of mutation]
  2251 | D:3      | Gained mutation: You have a pair of large antennae on your
                  | head. (SInv) [potion of mutation]
  2356 | D:4      | Noticed an ogre
  2367 | D:4      | Killed an ogre
  2368 | D:4      | Gained mutation: Your demonic aura sometimes causes spilled
                  | blood to erupt in flames. [demonic ancestry]
  2368 | D:4      | Reached XP level 6. HP: 40/47 MP: 6/6
  2746 | D:4      | Noticed Menkaure
  2758 | D:4      | HP: 1/48 [Menkaure (16)]
  2761 | D:4      | Killed from afar by Menkaure

Illustrated notes

Levels and vault maps discovered:
D:1:      scummos_arrival_star, layout_loops_ring, serial_forest,
          infiniplex_forest_end_3, infiniplex_forest_lined_room_,
          infiniplex_forest_fountain, infiniplex_forest_lined_ring,
          infiniplex_forest_end_1, infiniplex_forest_end_1,
          infiniplex_forest_clump_cross, infiniplex_forest_fountain,
          minmay_misc_feat_doors, minmay_splitting_lines, serial_park_tiny_2,
          dk_noncrumbling_3
D:2:      layout_rooms, uniq_natasha
D:3:      layout_rooms
D:4:      layout_basic, uniq_menkaure

Skill      XL: |  1  2  3  4  5  6 |
---------------+-------------------+-----
Dodging        | 3 4 |  4.2
Polearms       | 3 4 |  4.1
Armour         | 1 2 3 |  3.0
Fighting       | 3 4 |  4.0
Throwing       | |  1.7

Action                     |  1- 3 |  4- 6 || total
---------------------------+-------+-------++-------
  Melee: Trident           |   103 |   174 ||   277
  Throw: Throwing net      |       |     3 ||     3
    Use: Scroll            |     4 |     6 ||    10
         Potion            |       |     5 ||     5
 Armour: Leather armour    |    30 |    47 ||    77
  Dodge: Dodged            |    88 |    90 ||   178

Table legend: (Time is in decaauts)
 A = Elapsed time spent in this place.
 B = Non-inter-level travel time spent in this place.
 C = Inter-level travel time spent in this place.
 D = Time resting spent in this place.
 E = Time spent auto-exploring this place.
 F = Levels seen in this place.
 G = Mean time per level.
                   A        B        C        D        E       F      G
               +--------+--------+--------+--------+--------+-----+--------+
         Total |   2805 |   2755 |     50 |    210 |   1967 |   4 |  701.2 |
       Dungeon |   2805 |   2755 |     50 |    210 |   1967 |   4 |  701.2 |
               +--------+--------+--------+--------+--------+-----+--------+

Top non-repeatable levels by time:
     D:1: 1207 daAuts
     D:3: 572 daAuts
     D:2: 522 daAuts
     D:4: 503 daAuts
